 Dungeon Crawl Stone Soup version 0.28.0-53-g5a82cb258f (webtiles) character file.

Game seed: 12262028026929284619

107 croobank the Skirmisher (level 5, -5/42 HPs)
             Began as a Human Cinder Acolyte on June 4, 2022.
             Was a High Priest of Ignis.
             Slain by a gnoll
             ... wielding a +0 spear
              (9 damage)
             ... on level 3 of the Dungeon.
             The game lasted 00:06:23 (2270 turns).

croobank the Skirmisher (Human Cinder Acolyte)      Turns: 2270, Time: 00:06:24

Health: -5/42      AC:  2    Str: 14    XL:     5   Next: 11%
Magic:  8/8        EV: 11    Int: 16    God:    Ignis [*****.]
Gold:   105        SH:  0    Dex:  9    Spells: 6/8 levels left

rFire   + . .      SeeInvis .   r - +5 short sword (holy)
rCold   . . .      Faith    .   (no shield)
rNeg    . . .      Spirit   .   n - +0 robe
rPois   .          Reflect  .   (no helmet)
rElec   .          Harm     .   (no cloak)
rCorr   .          Rampage  .   (no gloves)
Will    .....                   (no boots)
Stlth   +.........              (no amulet)
HPRegen 0.14/turn               (no ring)
MPRegen 0.11/turn               (no ring)

@: no status effects
A: no striking features
a: Renounce Religion, Fiery Armour, Foxfire Swarm, Rising Flame


You were on level 3 of the Dungeon.
You worshipped Ignis.
Ignis was extremely pleased with you.
You visited 1 branch of the dungeon, and saw 3 of its levels.

You collected 105 gold pieces.

Inventory:

Hand Weapons
 a - a -1 hand axe of flaming
 b - a +0 hunting sling
 h - a +2 whip of holy wrath
 p - a +0 short sword
 r - a +5 short sword of holy wrath (weapon)
Missiles
 c - 6 poisoned darts (quivered)
 g - 12 sling bullets
 l - 107 stones
Armour
 n - a +0 robe (worn)
 s - a +0 leather armour
Wands
 u - a wand of charming (3)
Scrolls
 d - 2 scrolls of blinking {unknown}
 j - a scroll of identify {unknown}
 k - a scroll of fog {unknown}
 m - a scroll of acquirement {unknown}
 q - a scroll of immolation {unknown}
Potions
 i - a potion of attraction
 o - a potion of curing


   Skills:
 + Level 3.7 Fighting
 + Level 1.1 Short Blades
 - Level 3.4 Axes
 + Level 2.1 Spellcasting
 + Level 3.7 Fire Magic


You had 6 spell levels left.
You knew the following spells:

 Your Spells              Type           Power      Damage    Failure   Level
a - Scorch                Fire           26%        2d6       7%          2

Your spell library contained the following spells:

 Spells                   Type           Power      Damage    Failure   Level
 Pain                     Necr           4%         1d4       21%         1
 Agony                    Necr           1%         N/A       99%         5
 Excruciating Wounds      Necr           0%         N/A       99%         5


Dungeon Overview and Level Annotations

Branches:
Dungeon (3/15)

Altars:


Message History

The gnoll closely misses you.
You barely miss the gnoll.
The gnoll is moderately wounded.
The gnoll hits you with a +0 whip.
You hit the gnoll.
The gnoll is severely wounded.
The gnoll hits you but does no damage.
You puncture the gnoll!
You kill the gnoll!
You hit the gnoll.
The gnoll is moderately wounded.
The gnoll hits you with a +0 flail.
You hit the gnoll.
The gnoll is severely wounded.
The gnoll barely misses you. The gnoll hits you with a +0 flail!
You are too injured to fight recklessly!
You are too injured to fight recklessly!
You are too injured to fight recklessly!
You are too injured to fight recklessly!
You are too injured to fight recklessly!
You are too injured to fight recklessly!
You closely miss the gnoll.
The gnoll is severely wounded.
The gnoll hits you from afar with a +0 spear.
The gnoll hits you with a +0 flail.
* * * LOW HITPOINT WARNING * * *
You closely miss the gnoll.
The gnoll is severely wounded.
The gnoll hits you from afar with a +0 spear.
* * * LOW HITPOINT WARNING * * *
The gnoll barely misses you.
You hit the gnoll.
The gnoll is severely wounded.
The gnoll hits you from afar with a +0 spear.
* * * LOW HITPOINT WARNING * * *
The gnoll barely misses you.
You hit the gnoll.
You kill the gnoll!
The gnoll hits you from afar with a +0 spear!
You die...

........#
........#
...###############
.....>...........#
..........######.#
..........# #.#
..........# #.#
..........# #.#
..........# #@#
..........# #)#
...######## #g#
#.# #.# #.# #.#
#.#


You could see a gnoll.

Vanquished Creatures
  A water moccasin skeleton (D:3)
  An adder (D:2)
  2 gnolls (D:3)
  A worm (D:3)
  2 dart slugs (D:1)
  3 bats
  4 endoplasms (D:3)
  2 giant cockroaches
  2 goblins (D:1)
  4 kobolds
  A quokka (D:2)
  5 ball pythons (D:1)
  3 frilled lizards
  5 rats
36 creatures vanquished.

Notes
Turn   | Place    | Note
-------+----------+-------------------------------------------
     0 | D:1      | croobank the Human Cinder Acolyte began the quest for the
                  | Orb.
     0 | D:1      | Reached XP level 1. HP: 18/18 MP: 2/2
    75 | D:1      | Reached XP level 2. HP: 15/24 MP: 3/3
   458 | D:1      | Reached XP level 3. HP: 17/29 MP: 5/5
   461 | D:1      | Learned a level 2 spell: Scorch
   965 | D:2      | Found a faded altar of an unknown god.
  1904 | D:3      | Reached skill level 1 in Short Blades
  1904 | D:3      | Reached XP level 4. HP: 13/36 MP: 5/7
  1972 | D:3      | Noticed an ogre
  2192 | D:3      | Reached XP level 5. HP: 42/42 MP: 8/8
  2270 | D:3      | Slain by a gnoll

Illustrated notes

Levels and vault maps discovered:
D:1:      dpeg_arrival_stonehenge_8_columns, layout_rooms,
          minmay_misc_feat_nine_boxes, minmay_tetromino_i4
D:2:      layout_basic, hellmonk_ecumenical_altar_lost_god
D:3:      layout_basic

Skill      XL: |  1  2  3 |
---------------+----------+-----
Short Blades   | 1 |  1.1
Spellcasting   | 2 |  2.1
Fighting       | |  3.7
Axes           | |  3.4
Fire Magic     | |  3.7

Action                   |  1- 3 |  4- 6 || total
-------------------------+-------+-------++-------
Melee: Hand axe          |    61 |       ||    61
       Short sword       |    21 |    33 ||    54
 Cast: Scorch            |     2 |       ||     2
  Use: Potion            |       |     5 ||     5
Armor: Robe              |    17 |     1 ||    18
Dodge: Dodged            |    58 |    12 ||    70
